 Dungeon Crawl Stone Soup version 0.23.2-1-ga50397a6bc (webtiles) character file.

Game seed: 13979664289141939294

5297 Cykl0x the Cleaver (level 10, 0/88 HPs)
             Began as a Minotaur Fighter on May 9, 2019.
             Was a Priest of Makhleb.
             Slain by an orc warrior
             ... wielding a cursed +0 halberd
              (9 damage)
             ... on level 9 of the Dungeon.
             The game lasted 00:17:09 (6780 turns).

Cykl0x the Cleaver (Minotaur Fighter)               Turns: 6780, Time: 00:17:10

Health: 0/88       AC: 12    Str: 23    XL:     10   Next: 37%
Magic:  9/9        EV:  8    Int:  5    God:    Makhleb [***...]
Gold:   134        SH: 12    Dex: 11    Spells: 9/9 levels left

rFire    + . .     SeeInvis .   g - +2 hand axe (flame)
rCold    + + .     Gourm    .   c - +0 shield
rNeg     . . .     Faith    .   r - +1 chain mail {rC+}
rPois    .         Spirit   .   (helmet restricted)
rElec    .         Reflect  .   u - scarf {rC+ rF+}
rCorr    +         Harm     .   (no gloves)
MR       +....                  (no boots)
Stlth    ..........             (no amulet)
HPRegen  0.24/turn              s - ring of flight
MPRegen  0.11/turn              v - ring of resist corrosion

@: no status effects
A: retaliatory headbutt, horns 2, magic resistance 1, wild magic 1
a: Minor Destruction, Lesser Servant of Makhleb, Renounce Religion, Evoke Flight


You were on level 9 of the Dungeon.
You worshipped Makhleb.
Makhleb was most pleased with you.
You were not hungry.

You visited 2 branches of the dungeon, and saw 10 of its levels.

You collected 342 gold pieces.
You spent 208 gold pieces at shops.

Inventory:

Hand Weapons
 a - a +0 war axe
 g - a +2 hand axe of flaming (weapon)
Missiles
 y - 2 tomahawks of returning (quivered)
 A - 6 javelins
Armour
 b - a +0 scale mail
 c - a +0 shield (worn)
 e - a +0 chain mail
 r - a +1 chain mail of cold resistance (worn)
 u - a scarf of resistance (worn)
 z - a scarf of repulsion
Jewellery
 s - a ring of flight (left hand)
 v - a ring of resist corrosion (right hand)
Wands
 n - a wand of iceblast (9)
 w - a wand of paralysis (8)
 x - a wand of polymorph (7)
 G - a wand of random effects (8)
Scrolls
 j - 4 scrolls of remove curse
 k - a scroll of fear
 o - 6 scrolls of identify
 t - a scroll of amnesia
 C - 2 scrolls of magic mapping
 D - a scroll of teleportation
Potions
 i - 3 potions of agility
 l - 2 potions of mutation
 m - a potion of brilliance
 p - 2 potions of lignification
 q - 2 potions of flight
 B - a potion of resistance {unknown}
 F - 2 potions of cancellation {unknown}
Comestibles
 f - 22 rations


   Skills:
 + Level 7.9 Fighting
 + Level 11.0 Axes
 + Level 1.6 Throwing
 + Level 9.0 Armour
 + Level 2.6 Dodging
 + Level 1.6 Stealth
 + Level 9.8 Shields


You had 9 spell levels left.
You didn't know any spells.
Your spell library contained the following spells:

 Spells                   Type           Power        Failure   Level  Hunger
 Summon Small Mammal      Summ           #...         100%        1    ##.....
 Call Imp                 Summ           #.......     100%        2    ###....
 Call Canine Familiar     Summ           #.......     100%        3    ####...
 Summon Guardian Golem    Hex/Summ       #.......     100%        3    ####...
 Summon Ice Beast         Ice/Summ       #.......     100%        4    #####..
 Summon Lightning Spire   Summ/Air       #.......     100%        4    #####..


Dungeon Overview and Level Annotations

Branches:
Dungeon (9/15)             Temple (1/1) D:5
   Lair: D:8-11         Orc: D:9-12

Altars:
Ashenzari
Cheibriados
Dithmenos
Elyvilon
Fedhas
Gozag
Hepliaklqana
Kikubaaqudgha
Makhleb
Nemelex Xobeh
Okawaru
Qazlal
Ru
Sif Muna
Trog
Uskayaw
Vehumet
Wu Jian
Xom
Yredelemnul
The Shining One

Shops:
D:6 !


Innate Abilities, Weirdness & Mutations

You reflexively headbutt those who attack you in melee.
You have a pair of horns on your head.
You are resistant to hostile enchantments. (MR+)
Your spells are a little harder to cast, but a little more powerful.


Message History

The orc warrior is severely wounded.
You hit the troll. You burn the troll. You block the troll's attack. x2
The troll completely misses you.
You closely miss the orc warrior. Your headbutt misses the orc warrior.
The orc warrior is severely wounded.
You hit the troll but do no damage.
The orc warrior hits you with a cursed +0 halberd!!
* * * LOW HITPOINT WARNING * * *
The troll bites you.
* * * LOW HITPOINT WARNING * * *
The troll claws you but does no damage. You block the troll's attack.
The orc warrior barely misses you.
You see here 4 tomahawks.
You hit the troll but do no damage. Your headbutt misses the troll.
The troll is heavily wounded.
You block the troll's attack. x2; The troll misses you.
You hit the troll. You burn the troll. Your headbutt misses the troll.
The troll is severely wounded.
The orc warrior hits you from afar with a cursed +0 halberd!
You die...

#(.(....#
#.......#
+..)....#
#.......#
#.......+
#....)..#
#o# ###T#
#.@.#
####'###
#......#
#......+
#.<....#
+......#
#......#
#.>....#
#####+##


You could see a troll and an orc warrior.

Vanquished Creatures
  Erica (D:8)
  Grinder (D:5)
  A hippogriff (D:7)
  A wyvern (D:8)
  4 hogs (D:8)
  A human (D:8)
  A hungry ghost (D:8)
  An acid dragon (D:6)
  A sky beast (D:8)
  2 orc warriors
  2 ogres
  3 phantoms
  An ice beast (D:7)
  2 centaurs (D:5)
  Blork the orc (D:5)
  4 bullfrogs
  A gnoll sergeant (D:7)
  A scorpion (D:7)
  10 killer bees
  2 wights (D:6)
  A howler monkey (D:5)
  4 crimson imps
  2 quasits
  4 hounds
  5 orc priests
  Crazy Yiuf (D:3)
  7 orc wizards
  A bullfrog skeleton (D:7)
  2 iguanas
  5 worker ants
  Terence (D:3)
  A hound zombie (D:8)
  A hound skeleton (D:4)
  10 adders
  6 gnolls
  4 shadow imps
  An adder zombie (D:8)
  3 adder skeletons
  3 worms
  2 dart slugs
  2 leopard geckos
  36 orcs
  9 bats
  9 giant cockroaches
  11 goblins
  13 hobgoblins
  12 jackals
  8 kobolds
  5 quokkas
  3 ball pythons
  7 frilled lizards
  A jackal skeleton (D:8)
  A leopard gecko skeleton (D:5)
  A quokka skeleton (D:5)
  8 rats
231 creatures vanquished.

Notes
Turn   | Place    | Note
-------+----------+-------------------------------------------
     0 | D:1      | Cykl0x the Minotaur Fighter began the quest for the Orb.
     0 | D:1      | Reached XP level 1. HP: 19/19 MP: 0/0
   220 | D:1      | Reached XP level 2. HP: 23/27 MP: 1/1
   340 | D:1      | Reached XP level 3. HP: 26/33 MP: 2/2
   505 | D:1      | Reached skill level 3 in Axes
  1058 | D:2      | Found a deep blue altar of Sif Muna.
  1074 | D:2      | Reached XP level 4. HP: 40/41 MP: 3/3
  1260 | D:2      | Reached skill level 4 in Axes
  1262 | D:2      | Reached XP level 5. HP: 42/47 MP: 4/4
  1682 | D:3      | Found a shimmering altar of Xom.
  1763 | D:3      | Reached skill level 5 in Shields
  1892 | D:3      | Noticed Terence
  1902 | D:3      | Killed Terence
  2150 | D:3      | Found a runed translucent door.
  2151 | D:3      | Noticed Crazy Yiuf
  2160 | D:3      | Killed Crazy Yiuf
  2212 | D:4      | Reached skill level 5 in Armour
  2212 | D:4      | Reached XP level 6. HP: 32/53 MP: 5/5
  2272 | D:4      | Reached skill level 5 in Axes
  2368 | D:4      | Reached skill level 1 in Dodging
  2661 | D:4      | Reached XP level 7. HP: 59/60 MP: 6/6
  2773 | D:4      | Reached skill level 5 in Fighting
  3034 | D:5      | Entered Level 5 of the Dungeon
  3046 | D:5      | Reached skill level 6 in Axes
  3096 | D:5      | Noticed Blork the orc
  3102 | D:5      | Noticed Grinder
  3104 | D:5      | Killed Blork the orc
  3115 | D:5      | Killed Grinder
  3115 | D:5      | Reached skill level 7 in Axes
  3115 | D:5      | Reached XP level 8. HP: 41/69 MP: 7/7
  3149 | D:5      | Found a staircase to the Ecumenical Temple.
  3158 | Temple   | Entered the Ecumenical Temple
  3425 | Temple   | Became a worshipper of Makhleb the Destroyer
  3572 | D:5      | Found an ornate altar of the Wu Jian Council.
  3574 | D:5      | Found a snail-covered altar of Cheibriados.
  3576 | D:5      | Found a white marble altar of Elyvilon.
  3919 | D:5      | Reached skill level 8 in Axes
  3926 | D:5      | Reached skill level 1 in Stealth
  4129 | D:6      | Found a blossoming altar of Fedhas.
  4130 | D:6      | Found an ancient bone altar of Kikubaaqudgha.
  4143 | D:6      | Reached skill level 1 in Throwing
  4166 | D:6      | Found Allumeha's Distillery.
  4172 | D:6      | Bought 2 potions of mutation for 208 gold pieces
  4172 | D:6      | Gained mutation: You are resistant to hostile enchantments.
                  | (MR+) [potion of mutation]
  4172 | D:6      | Gained mutation: Your spells are a little harder to cast,
                  | but a little more powerful. [potion of mutation]
  4401 | D:6      | Reached * piety under Makhleb
  4743 | D:6      | Reached XP level 9. HP: 72/78 MP: 8/8
  5180 | D:7      | Reached skill level 9 in Axes
  5607 | D:7      | Reached ** piety under Makhleb
  6064 | D:8      | Reached skill level 10 in Axes
  6071 | D:8      | Reached XP level 10. HP: 86/86 MP: 9/9
  6211 | D:8      | Noticed Erica
  6230 | D:8      | Killed Erica
  6293 | D:8      | Found a bloodstained altar of Trog.
  6302 | D:8      | Found a glowing golden altar of the Shining One.
  6306 | D:8      | Found a shadowy altar of Dithmenos.
  6473 | D:8      | Reached *** piety under Makhleb
  6516 | D:8      | Reached skill level 11 in Axes
  6780 | D:9      | Slain by an orc warrior

Skill      XL: |  1  2  3  4  5  6  7  8  9 10 |
---------------+-------------------------------+-----
Fighting       | 4 5 6 7 |  7.9
Shields        | 4 5 6 8 9 |  9.8
Armour         | 4 5 6 8 9 |  9.0
Axes           | 3 4 5 7 8 10 11 | 11.0
Dodging        | 1 2 |  2.6
Stealth        | 1 |  1.6
Throwing       | 1 |  1.6

Action                   |  1- 3 |  4- 6 |  7- 9 | 10-12 || total
-------------------------+-------+-------+-------+-------++-------
Melee: War axe           |    95 |   163 |   298 |       ||   556
       Headbutt          |    16 |    25 |    72 |     9 ||   122
       Hand axe          |       |       |    43 |   102 ||   145
Throw: Tomahawk          |       |       |     1 |       ||     1
       Javelin           |       |       |     4 |     3 ||     7
  Use: Scroll            |     6 |     6 |     3 |       ||    15
       Potion            |       |       |     6 |     3 ||     9
  Eat: Chunk             |     1 |     5 |    11 |     3 ||    20
Armor: Scale mail        |    30 |       |       |       ||    30
       Chain mail        |    29 |    88 |   194 |    45 ||   356
Dodge: Dodged            |    35 |    41 |    94 |    28 ||   198
Block: Shield            |    63 |    79 |   221 |    62 ||   425
